 Dungeon Crawl Stone Soup version 0.29-a0-40-g8eb35efe60 (webtiles) character file.

Game seed: 24164739648278776

164 frogsbabysitter the Skirmisher (level 5, -1/42 HPs)
             Began as a Formicid Abyssal Knight on Feb 2, 2022.
             Was a Priest of Lugonu.
             Slain by an ufetubus (2 damage)
             ... on level 3 of the Dungeon.
             The game lasted 00:11:36 (3040 turns).

frogsbabysitter the Skirmisher (FoAK)               Turns: 3040, Time: 00:11:36

Health: -1/42      AC:  6    Str: 20    XL:     5   Next: 73%
Magic:  7/7        EV: 10    Int:  9    God:    Lugonu [***...]
Gold:   105        SH:  0    Dex: 11    Spells: 4/4 levels left

rFire   . . .      SeeInvis +   a - +1 hand axe
rCold   . . .      Faith    .   (no shield)
rNeg    . . .      Spirit   .   e - +0 ring mail
rPois   .          Reflect  .   (helmet unavailable)
rElec   .          Harm     .   (no cloak)
rCorr   .          Rampage  .   k - +0 pair of gloves
Will    .....                   (no boots)
Stlth   +.........              (no amulet)
HPRegen 0.14/turn               (no ring)
MPRegen 0.10/turn               (no ring)

@: no status effects
A: permanent stasis, dig shafts and tunnels, antennae 3, four strong arms
a: Dig, Shaft Self, Renounce Religion, Depart the Abyss, Bend Space, Banish


You were on level 3 of the Dungeon.
You worshipped Lugonu.
Lugonu was most pleased with you.
You visited 1 branch of the dungeon, and saw 4 of its levels.
You visited the Abyss 1 time.

You collected 105 gold pieces.

Inventory:

Hand Weapons
 a - a +1 hand axe (weapon)
 f - a +0 short sword of holy wrath
 g - a +0 hunting sling
Missiles
 d - 63 stones (quivered)
Armour
 b - a +0 leather armour
 e - a +0 ring mail (worn)
 k - a +0 pair of gloves (worn)
Scrolls
 c - 3 scrolls of identify {unknown}
 h - a scroll of blinking {unknown}
 o - a scroll of vulnerability {unknown}
Potions
 i - 2 potions of heal wounds {unknown}
 j - a potion of magic {unknown}
 l - a potion of mutation {unknown}
 m - a potion of curing {unknown}
 n - a potion of resistance {unknown}


   Skills:
 + Level 4.1 Fighting
 * Level 3.7 Axes
 - Level 2.1 Armour
 - Level 0.8 Dodging
 + Level 2.7 Stealth
 + Level 3.4 Invocations


You had 4 spell levels left.
You didn't know any spells.
Your spell library contained the following spells:

 Spells                   Type           Power      Damage    Failure   Level
 Freeze                   Ice            0%         1d3       56%         1
 Frozen Ramparts          Ice            0%         1d2       90%         3
 Hailstorm                Conj/Ice       0%         3d3       100%        4


Dungeon Overview and Level Annotations

Branches:
Dungeon (4/15)
 Temple: D:4-7

Altars:
Elyvilon
Gozag
Qazlal
Beogh


Innate Abilities, Weirdness & Mutations

You cannot be hasted, slowed, berserked, paralysed or teleported.
You can dig through walls and to a lower floor.
You have a pair of large antennae on your head. (SInv)
Your four strong arms can wield two-handed weapons with a shield.


Message History

* * * LOW HITPOINT WARNING * * *
The ufetubus closely misses you. The ufetubus hits you.
* * * LOW HITPOINT WARNING * * *
Okay, then.
You barely miss the ufetubus. Your punch misses the ufetubus.
The ufetubus is moderately wounded.
The ufetubus barely misses you. The ufetubus closely misses you.
The ufetubus hits you but does no damage.
The ufetubus completely misses you.
Unknown command.
You barely miss the ufetubus.
The ufetubus is moderately wounded.
The ufetubus hits you.
* * * LOW HITPOINT WARNING * * *
The ufetubus completely misses you.
Unknown command.
The ufetubus closely misses you. The ufetubus misses you.
You miss the ufetubus.
The ufetubus is moderately wounded.
The ufetubus hits you but does no damage. x2
You closely miss the ufetubus.
The ufetubus is moderately wounded.
The ufetubus hits you but does no damage.
The ufetubus closely misses you. The ufetubus barely misses you.
The ufetubus closely misses you.
You closely miss the ufetubus.
The ufetubus is moderately wounded.
The ufetubus closely misses you.
The ufetubus hits you but does no damage.
The ufetubus barely misses you. The ufetubus misses you.
You barely miss the ufetubus.
The ufetubus is moderately wounded.
The ufetubus barely misses you.
The ufetubus hits you but does no damage.
You completely miss the ufetubus.
The ufetubus is moderately wounded.
The ufetubus hits you.
* * * LOW HITPOINT WARNING * * *
The ufetubus hits you.
You die...

#.# #####......# #. #.#
#..<'......##########) #.#
#.#.#)..............†. #.#
#...#..........######.
#.##.#####..........#......
#.##.....[......#####......
#.########......# #......
#...............# #.^....
##########@.....#####......
#####5.....##.........
#.....................
#.....†>..............
#...........#.......#.
#############.......#.
#.......#. #.......##
#.......##


You could see an ufetubus.

Vanquished Creatures
  2 hounds (D:3)
  4 adders
  2 dart slugs
  6 orcs
  2 bats
  An endoplasm (D:1)
  7 goblins
  6 hobgoblins
  3 jackals (D:3)
  7 kobolds
  A quokka (D:1)
  7 ball pythons
  4 frilled lizards
  4 rats
56 creatures vanquished.

Notes
Turn   | Place    | Note
-------+----------+-------------------------------------------
     0 | Abyss:1  | frogsbabysitter the Formicid Abyssal Knight began the quest
                  | for the Orb.
     0 | Abyss:1  | Reached XP level 1. HP: 18/18 MP: 2/2
    10 | D:1      | Escaped the Abyss
   278 | D:1      | Reached XP level 2. HP: 21/24 MP: 3/3
   453 | D:1      | Reached skill level 1 in Stealth
   618 | D:2      | Reached ** piety under Lugonu
   625 | D:2      | Reached XP level 3. HP: 26/29 MP: 4/4
  1033 | D:2      | Reached XP level 4. HP: 37/37 MP: 6/6
  1495 | D:2      | Found a faded altar of an unknown god.
  2525 | D:3      | Found an opulent altar of Gozag.
  2542 | D:3      | Reached XP level 5. HP: 32/42 MP: 7/7
  2636 | D:3      | Found a stormy altar of Qazlal.
  2675 | D:3      | Found a white marble altar of Elyvilon.
  2888 | D:3      | Reached *** piety under Lugonu
  2889 | D:3      | Reached skill level 4 in Fighting
  3010 | D:4      | Noticed an ogre
  3040 | D:3      | HP: 1/42 [ufetubus (4)]
  3040 | D:3      | Slain by an ufetubus

Illustrated notes

Levels and vault maps discovered:
D:1:      minmay_arrival_wavy_path, layout_basic, chequers_serial_rivers_room_b
D:2:      layout_loops_ring, hellmonk_ecumenical_altar_defaced_shrine
D:3:      layout_basic, grunt_gozag_statues, mainiacjoe_overflow_catch_the_wave,
          minmay_misc_feat_more_columns
D:4:      layout_rooms, minmay_lizard_king

Skill      XL: |  1  2  3  4  5 |
---------------+----------------+-----
Stealth        | 1 2 |  2.7
Axes           | 3 |  3.7
Invocations    | 3 |  3.4
Fighting       | 4 |  4.1
Armour         | |  2.1
Dodging        | |  0.8

Action                   |  1- 3 |  4- 6 || total
-------------------------+-------+-------++-------
Melee: Hand axe          |    74 |   114 ||   188
       Punch             |     1 |     5 ||     6
Throw: Stone             |    10 |    35 ||    45
 Abil: Dig               |    10 |       ||    10
 Stab: Sleeping          |     1 |       ||     1
       Distracted        |       |     1 ||     1
Armor: Leather armour    |     3 |       ||     3
       Ring mail         |    21 |    77 ||    98
Dodge: Dodged            |    32 |    95 ||   127

Table legend: (Time is in decaauts)
 A = Elapsed time spent in this place.
 B = Non-inter-level travel time spent in this place.
 C = Inter-level travel time spent in this place.
 D = Time resting spent in this place.
 E = Time spent auto-exploring this place.
 F = Levels seen in this place.
 G = Mean time per level.
                   A        B        C        D        E       F      G
               +--------+--------+--------+--------+--------+-----+--------+
         Total |   3075 |   2912 |    163 |    711 |    895 |   5 |  615.0 |
       Dungeon |   3065 |   2902 |    163 |    711 |    895 |   4 |  766.2 |
         Abyss |     10 |     10 |      0 |      0 |      0 |   1 |   10.0 |
               +--------+--------+--------+--------+--------+-----+--------+

Top non-repeatable levels by time:
     D:2: 1375 daAuts
     D:3: 1109 daAuts
     D:1: 565 daAuts
     D:4: 14 daAuts
 Abyss:1: 10 daAuts
